Workbook

Sheet Tableau de Bord
A1: Excel-Facile Premium • Modèle de Dépenses Mensuelles
A3: Dépenses annuelles | D3: Budget annuel | G3: Écart annuel
A4: =SUM(Dépenses!J:J) -> 105542.9 | D4: =SUM(Budget!B2:B13)*12 -> 77400 | G4: =D4-A4 -> -28142.896
A7: Transactions | D7: Dépense moyenne | G7: Catégories
A8: =COUNTA(Dépenses!A2:A500) -> 220 | D8: =IF(A8=0,0,A4/A8) -> 479.74044 | G8: =COUNTA(Paramètres!A2:A13) -> 12
A11: Analyse rapide par catégorie
A13: Catégorie | B13: Budget | C13: Dépenses
A14: =Budget!A2 -> Logement | B14: =Budget!B2 -> 1200 | C14: =Budget!C2 -> 9334.3042
A15: =Budget!A3 -> Alimentation | B15: =Budget!B3 -> 400 | C15: =Budget!C3 -> 10572.113
A16: =Budget!A4 -> Transport | B16: =Budget!B4 -> 250 | C16: =Budget!C4 -> 7567.5014
A17: =Budget!A5 -> Énergie | B17: =Budget!B5 -> 650 | C17: =Budget!C5 -> 8518.9196
A18: =Budget!A6 -> Téléphone | B18: =Budget!B6 -> 150 | C18: =Budget!C6 -> 9149.162
A19: =Budget!A7 -> Internet | B19: =Budget!B7 -> 900 | C19: =Budget!C7 -> 4643.4595
A20: =Budget!A8 -> Assurances | B20: =Budget!B8 -> 250 | C20: =Budget!C8 -> 7775.6126
A21: =Budget!A9 -> Santé | B21: =Budget!B9 -> 900 | C21: =Budget!C9 -> 10899.157
A22: =Budget!A10 -> Loisirs | B22: =Budget!B10 -> 1200 | C22: =Budget!C10 -> 13478.58
A23: =Budget!A11 -> Éducation | B23: =Budget!B11 -> 150 | C23: =Budget!C11 -> 7318.5315
A24: =Budget!A12 -> Impôts | B24: =Budget!B12 -> 250 | C24: =Budget!C12 -> 7729.8499
A25: =Budget!A13 -> Divers | B25: =Budget!B13 -> 150 | C25: =Budget!C13 -> 8555.7054

Sheet Dépenses
A1: Date | B1: Référence | C1: Catégorie | D1: Sous-catégorie | E1: Description | F1: Fournisseur | G1: Moyen de paiement | H1: Montant HT | I1: TVA % | J1: Montant TTC | K1: Statut | L1: Observations
A2: 46265 | B2: DEP-0001 | C2: Téléphone | D2: Mobile | E2: Dépense téléphone | F2: Orange | G2: Espèces | H2: 562.96 | I2: 10 | J2: =H2*(1+I2/100) -> 619.256 | K2: Payée
A3: 46214 | B3: DEP-0002 | C3: Santé | D3: Pharmacie | E3: Dépense santé | F3: Boulanger | G3: Chèque | H3: 241.65 | I3: 20 | J3: =H3*(1+I3/100) -> 289.98 | K3: Payée
A4: 46308 | B4: DEP-0003 | C4: Logement | D4: Loyer | E4: Dépense logement | F4: Leroy Merlin | G4: Prélèvement | H4: 566.19 | I4: 5.5 | J4: =H4*(1+I4/100) -> 597.33045 | K4: Payée
A5: 46196 | B5: DEP-0004 | C5: Énergie | D5: Électricité | E5: Dépense énergie | F5: EDF | G5: Chèque | H5: 61.29 | I5: 5.5 | J5: =H5*(1+I5/100) -> 64.66095 | K5: À vérifier
A6: 46195 | B6: DEP-0005 | C6: Impôts | D6: Taxe | E6: Dépense impôts | F6: Carrefour | G6: Carte bancaire | H6: 351.07 | I6: 0 | J6: =H6*(1+I6/100) -> 351.07 | K6: À vérifier
A7: 46283 | B7: DEP-0006 | C7: Énergie | D7: Électricité | E7: Dépense énergie | F7: Leroy Merlin | G7: Carte bancaire | H7: 88.24 | I7: 20 | J7: =H7*(1+I7/100) -> 105.888 | K7: À vérifier
A8: 46239 | B8: DEP-0007 | C8: Transport | D8: Carburant | E8: Dépense transport | F8: Boulanger | G8: Carte bancaire | H8: 464.09 | I8: 5.5 | J8: =H8*(1+I8/100) -> 489.61495 | K8: À vérifier
A9: 46110 | B9: DEP-0008 | C9: Loisirs | D9: Restaurant | E9: Dépense loisirs | F9: Doctolib | G9: Espèces | H9: 695.55 | I9: 20 | J9: =H9*(1+I9/100) -> 834.66 | K9: À vérifier
A10: 46328 | B10: DEP-0009 | C10: Santé | D10: Pharmacie | E10: Dépense santé | F10: Decathlon | G10: Carte bancaire | H10: 411.53 | I10: 20 | J10: =H10*(1+I10/100) -> 493.836 | K10: À vérifier
A11: 46065 | B11: DEP-0010 | C11: Énergie | D11: Électricité | E11: Dépense énergie | F11: SNCF | G11: Prélèvement | H11: 830.14 | I11: 10 | J11: =H11*(1+I11/100) -> 913.154 | K11: À vérifier
A12: 46220 | B12: DEP-0011 | C12: Impôts | D12: Taxe | E12: Dépense impôts | F12: AXA | G12: Prélèvement | H12: 271.7 | I12: 10 | J12: =H12*(1+I12/100) -> 298.87 | K12: En attente
A13: 46213 | B13: DEP-0012 | C13: Loisirs | D13: Restaurant | E13: Dépense loisirs | F13: Carrefour | G13: Espèces | H13: 492.37 | I13: 5.5 | J13: =H13*(1+I13/100) -> 519.45035 | K13: En attente
... A221: 46087 | B221: DEP-0220 | C221: Santé | D221: Pharmacie | E221: Dépense santé | F221: SNCF | G221: Espèces | H221: 843.46 | I221: 20 | J221: =H221*(1+I221/100) -> 1012.152 | K221: En attente

Sheet Budget
A1: Catégorie | B1: Budget mensuel | C1: Dépenses réelles | D1: Écart | E1: % utilisé | F1: Statut
A2: Logement | B2: 1200 | C2: =SUMIF(Dépenses!C:C,A2,Dépenses!J:J) -> 9334.3042 | D2: =B2-C2 -> -8134.3042 | E2: =IF(B2=0,0,C2/B2) -> 7.7785868 | F2: =IF(D2<0,"Dépassement","OK") -> Dépassement
A3: Alimentation | B3: 400 | C3: =SUMIF(Dépenses!C:C,A3,Dépenses!J:J) -> 10572.113 | D3: =B3-C3 -> -10172.113 | E3: =IF(B3=0,0,C3/B3) -> 26.430283 | F3: =IF(D3<0,"Dépassement","OK") -> Dépassement
A4: Transport | B4: 250 | C4: =SUMIF(Dépenses!C:C,A4,Dépenses!J:J) -> 7567.5014 | D4: =B4-C4 -> -7317.5014 | E4: =IF(B4=0,0,C4/B4) -> 30.270006 | F4: =IF(D4<0,"Dépassement","OK") -> Dépassement
A5: Énergie | B5: 650 | C5: =SUMIF(Dépenses!C:C,A5,Dépenses!J:J) -> 8518.9196 | D5: =B5-C5 -> -7868.9196 | E5: =IF(B5=0,0,C5/B5) -> 13.10603 | F5: =IF(D5<0,"Dépassement","OK") -> Dépassement
A6: Téléphone | B6: 150 | C6: =SUMIF(Dépenses!C:C,A6,Dépenses!J:J) -> 9149.162 | D6: =B6-C6 -> -8999.162 | E6: =IF(B6=0,0,C6/B6) -> 60.994414 | F6: =IF(D6<0,"Dépassement","OK") -> Dépassement
A7: Internet | B7: 900 | C7: =SUMIF(Dépenses!C:C,A7,Dépenses!J:J) -> 4643.4595 | D7: =B7-C7 -> -3743.4595 | E7: =IF(B7=0,0,C7/B7) -> 5.1593994 | F7: =IF(D7<0,"Dépassement","OK") -> Dépassement
A8: Assurances | B8: 250 | C8: =SUMIF(Dépenses!C:C,A8,Dépenses!J:J) -> 7775.6126 | D8: =B8-C8 -> -7525.6126 | E8: =IF(B8=0,0,C8/B8) -> 31.10245 | F8: =IF(D8<0,"Dépassement","OK") -> Dépassement
A9: Santé | B9: 900 | C9: =SUMIF(Dépenses!C:C,A9,Dépenses!J:J) -> 10899.157 | D9: =B9-C9 -> -9999.1575 | E9: =IF(B9=0,0,C9/B9) -> 12.110175 | F9: =IF(D9<0,"Dépassement","OK") -> Dépassement
A10: Loisirs | B10: 1200 | C10: =SUMIF(Dépenses!C:C,A10,Dépenses!J:J) -> 13478.58 | D10: =B10-C10 -> -12278.58 | E10: =IF(B10=0,0,C10/B10) -> 11.23215 | F10: =IF(D10<0,"Dépassement","OK") -> Dépassement
A11: Éducation | B11: 150 | C11: =SUMIF(Dépenses!C:C,A11,Dépenses!J:J) -> 7318.5315 | D11: =B11-C11 -> -7168.5315 | E11: =IF(B11=0,0,C11/B11) -> 48.79021 | F11: =IF(D11<0,"Dépassement","OK") -> Dépassement
A12: Impôts | B12: 250 | C12: =SUMIF(Dépenses!C:C,A12,Dépenses!J:J) -> 7729.8499 | D12: =B12-C12 -> -7479.8499 | E12: =IF(B12=0,0,C12/B12) -> 30.9194 | F12: =IF(D12<0,"Dépassement","OK") -> Dépassement
A13: Divers | B13: 150 | C13: =SUMIF(Dépenses!C:C,A13,Dépenses!J:J) -> 8555.7054 | D13: =B13-C13 -> -8405.7054 | E13: =IF(B13=0,0,C13/B13) -> 57.038036 | F13: =IF(D13<0,"Dépassement","OK") -> Dépassement

Sheet Statistiques
A1: Mois | B1: Dépenses | C1: Budget | D1: Écart | F1: Catégorie | G1: Dépenses | H1: Budget
A2: 46023 | B2: =SUMIFS(Dépenses!J:J,Dépenses!A:A,">="&A2,Dépenses!A:A,"<"&EDATE(A2,1)) -> 10830.053 | C2: =SUM(Budget!B2:B13) -> 6450 | D2: =C2-B2 -> -4380.0527 | F2: Logement | G2: =SUMIF(Dépenses!C:C,F2,Dépenses!J:J) -> 9334.3042 | H2: =SUMIF(Budget!A:A,F2,Budget!B:B) -> 1200
A3: 46054 | B3: =SUMIFS(Dépenses!J:J,Dépenses!A:A,">="&A3,Dépenses!A:A,"<"&EDATE(A3,1)) -> 11496.809 | C3: =SUM(Budget!B3:B14) -> 5250 | D3: =C3-B3 -> -6246.8088 | F3: Alimentation | G3: =SUMIF(Dépenses!C:C,F3,Dépenses!J:J) -> 10572.113 | H3: =SUMIF(Budget!A:A,F3,Budget!B:B) -> 400
A4: 46082 | B4: =SUMIFS(Dépenses!J:J,Dépenses!A:A,">="&A4,Dépenses!A:A,"<"&EDATE(A4,1)) -> 9693.7364 | C4: =SUM(Budget!B4:B15) -> 4850 | D4: =C4-B4 -> -4843.7364 | F4: Transport | G4: =SUMIF(Dépenses!C:C,F4,Dépenses!J:J) -> 7567.5014 | H4: =SUMIF(Budget!A:A,F4,Budget!B:B) -> 250
A5: 46113 | B5: =SUMIFS(Dépenses!J:J,Dépenses!A:A,">="&A5,Dépenses!A:A,"<"&EDATE(A5,1)) -> 6340.1885 | C5: =SUM(Budget!B5:B16) -> 4600 | D5: =C5-B5 -> -1740.1885 | F5: Énergie | G5: =SUMIF(Dépenses!C:C,F5,Dépenses!J:J) -> 8518.9196 | H5: =SUMIF(Budget!A:A,F5,Budget!B:B) -> 650
A6: 46143 | B6: =SUMIFS(Dépenses!J:J,Dépenses!A:A,">="&A6,Dépenses!A:A,"<"&EDATE(A6,1)) -> 7112.5995 | C6: =SUM(Budget!B6:B17) -> 3950 | D6: =C6-B6 -> -3162.5995 | F6: Téléphone | G6: =SUMIF(Dépenses!C:C,F6,Dépenses!J:J) -> 9149.162 | H6: =SUMIF(Budget!A:A,F6,Budget!B:B) -> 150
A7: 46174 | B7: =SUMIFS(Dépenses!J:J,Dépenses!A:A,">="&A7,Dépenses!A:A,"<"&EDATE(A7,1)) -> 8175.4489 | C7: =SUM(Budget!B7:B18) -> 3800 | D7: =C7-B7 -> -4375.4489 | F7: Internet | G7: =SUMIF(Dépenses!C:C,F7,Dépenses!J:J) -> 4643.4595 | H7: =SUMIF(Budget!A:A,F7,Budget!B:B) -> 900
A8: 46204 | B8: =SUMIFS(Dépenses!J:J,Dépenses!A:A,">="&A8,Dépenses!A:A,"<"&EDATE(A8,1)) -> 14085.297 | C8: =SUM(Budget!B8:B19) -> 2900 | D8: =C8-B8 -> -11185.297 | F8: Assurances | G8: =SUMIF(Dépenses!C:C,F8,Dépenses!J:J) -> 7775.6126 | H8: =SUMIF(Budget!A:A,F8,Budget!B:B) -> 250
A9: 46235 | B9: =SUMIFS(Dépenses!J:J,Dépenses!A:A,">="&A9,Dépenses!A:A,"<"&EDATE(A9,1)) -> 7507.3458 | C9: =SUM(Budget!B9:B20) -> 2650 | D9: =C9-B9 -> -4857.3458 | F9: Santé | G9: =SUMIF(Dépenses!C:C,F9,Dépenses!J:J) -> 10899.157 | H9: =SUMIF(Budget!A:A,F9,Budget!B:B) -> 900
A10: 46266 | B10: =SUMIFS(Dépenses!J:J,Dépenses!A:A,">="&A10,Dépenses!A:A,"<"&EDATE(A10,1)) -> 6746.6316 | C10: =SUM(Budget!B10:B21) -> 1750 | D10: =C10-B10 -> -4996.6316 | F10: Loisirs | G10: =SUMIF(Dépenses!C:C,F10,Dépenses!J:J) -> 13478.58 | H10: =SUMIF(Budget!A:A,F10,Budget!B:B) -> 1200
A11: 46296 | B11: =SUMIFS(Dépenses!J:J,Dépenses!A:A,">="&A11,Dépenses!A:A,"<"&EDATE(A11,1)) -> 6708.2412 | C11: =SUM(Budget!B11:B22) -> 550 | D11: =C11-B11 -> -6158.2412 | F11: Éducation | G11: =SUMIF(Dépenses!C:C,F11,Dépenses!J:J) -> 7318.5315 | H11: =SUMIF(Budget!A:A,F11,Budget!B:B) -> 150
A12: 46327 | B12: =SUMIFS(Dépenses!J:J,Dépenses!A:A,">="&A12,Dépenses!A:A,"<"&EDATE(A12,1)) -> 6762.2279 | C12: =SUM(Budget!B12:B23) -> 400 | D12: =C12-B12 -> -6362.2279 | F12: Impôts | G12: =SUMIF(Dépenses!C:C,F12,Dépenses!J:J) -> 7729.8499 | H12: =SUMIF(Budget!A:A,F12,Budget!B:B) -> 250
A13: 46357 | B13: =SUMIFS(Dépenses!J:J,Dépenses!A:A,">="&A13,Dépenses!A:A,"<"&EDATE(A13,1)) -> 10084.318 | C13: =SUM(Budget!B13:B24) -> 150 | D13: =C13-B13 -> -9934.3176 | F13: Divers | G13: =SUMIF(Dépenses!C:C,F13,Dépenses!J:J) -> 8555.7054 | H13: =SUMIF(Budget!A:A,F13,Budget!B:B) -> 150

Sheet Paramètres
A1: Catégories | B1: Sous-catégories | C1: Moyens de paiement | D1: Statuts | E1: TVA
A2: Logement | B2: Loyer | C2: Carte bancaire | D2: Payée | E2: 0
A3: Alimentation | B3: Courses | C3: Virement | D3: En attente | E3: 5.5
A4: Transport | B4: Carburant | C4: Prélèvement | D4: À vérifier | E4: 10
A5: Énergie | B5: Électricité | C5: Espèces | E5: 20
A6: Téléphone | B6: Mobile | C6: Chèque
A7: Internet | B7: Fibre | C7: PayPal
A8: Assurances | B8: Habitation
A9: Santé | B9: Pharmacie
A10: Loisirs | B10: Restaurant
A11: Éducation | B11: Formation
A12: Impôts | B12: Taxe
A13: Divers | B13: Autre

Sheet Guide
A1: Guide d'utilisation • Dépenses Mensuelles Premium
A3: 1. Saisissez vos dépenses dans la feuille Dépenses.
A4: 2. Personnalisez les catégories, moyens de paiement, statuts et TVA dans Paramètres.
A5: 3. Définissez le budget mensuel par catégorie dans la feuille Budget.
A6: 4. Consultez le Tableau de Bord pour suivre vos indicateurs principaux.
A7: 5. Analysez les dépenses mensuelles et par catégorie dans Statistiques.
A8: 6. Les cellules en dépassement sont mises en évidence automatiquement.
